 Dungeon Crawl Stone Soup version 0.30-a0-174-gbc10bd73c2 (webtiles) character file.

Game seed: 3738663913839017032

3224 qw the Cleaver (level 9, -3/59 HPs)
             Began as a Gargoyle Fighter on Oct 1, 2022.
             Was a Priest of Okawaru.
             Slain by Psyche
             ... wielding a +3 dagger of distortion
              (12 damage)
             ... on level 9 of the Dungeon.
             The game lasted 00:02:55 (7748 turns).

qw the Cleaver (Gargoyle Fighter)                   Turns: 7748, Time: 00:02:56

Health: -3/59      AC:  0    Str: 24    XL:     9   Next: 98%
Magic:  12/12      EV: 18    Int:  9    God:    Okawaru [***...]
Gold:   595        SH:  0    Dex: 14    Spells: 8/8 levels left

rFire   . . .      SeeInvis .    (weapon currently unavailable)
rCold   . . .      Faith    .    (shield currently unavailable)
rNeg    + . .      Spirit   .    (body armour currently unavailable)
rPois   inf        Reflect  .    (helmet currently unavailable)
rElec   .          Harm     .    (cloak currently unavailable)
rCorr   .          Rampage  .    (gloves currently unavailable)
Will    .....                    (boots currently unavailable)
Stlth   +.........               (no amulet)
HPRegen 0.29/turn                (ring currently unavailable)
MPRegen 0.13/turn                (ring currently unavailable)

@: bat-form, flying, very quick
A: fast, flying, no casting, sickness immunity, AC +6, tiny, negative energy
resistance 1, (electricity resistance), torment resistance 1, petrification
resistance
a: Renounce Religion, Heroism


You were on level 9 of the Dungeon.
You worshipped Okawaru.
Okawaru was most pleased with you.
You were a bat.
You visited 2 branches of the dungeon, and saw 10 of its levels.

You collected 595 gold pieces.


Innate Abilities, Weirdness & Mutations

You are a bat.
You are tiny and dextrous.
You move quickly.
You are flying.
Your equipment is almost entirely melded.
You are incapable of wielding weapons or throwing items.
You cannot cast spells.
You are immune to sickness and miasma.
((Your stone body is resilient. (AC +6)))
You are immune to poison.
You resist negative energy. (rN+)
((You are resistant to electric shocks. (rElec)))
You are resistant to unholy torment.
You are immune to petrification.


   Skills:
 - Level 7.8 Fighting
 - Level 9.0 Axes
 - Level 2.3 Throwing
 - Level 6.0 Armour
 + Level 1.0 Dodging
 - Level 4.2 Shields
 - Level 4.0 Invocations


You had 8 spell levels left.
You didn't know any spells.
Your spell library was empty.

Inventory:

Hand Weapons
 k - the +3 flail of Nutimeade {drain, rF++ rN+ Int+3}
   (You found it on level 2 of the Dungeon)

   A truly terrible weapon, it drains the life of any living foe it strikes.
   Int:       It affects your intelligence (+3).
   rF:        It greatly protects you from fire.
   rN:        It protects you from negative energy.
 Y - a +2 war axe of freezing (melded)
Missiles
 g - 4 javelins
Armour
 b - the +3 leather armour "Teus" {Contam rCorr Str+5 Stlth+}
   (You found it on level 8 of the Dungeon)

   Str:       It affects your strength (+5).
   Contam:    It causes magical contamination when unequipped.
   rCorr:     It protects you from acid and corrosion.
   Stlth:     It makes you more stealthy.
 c - a +0 buckler (melded)
 f - a +0 helmet (melded)
 m - a +0 pair of boots (melded)
 t - a +0 plate armour (melded)
Jewellery
 h - a ring of willpower (melded)
 i - a ring of resist corrosion (melded)
Scrolls
 a - a scroll of identify
Potions
 d - 4 potions of might
 e - 2 potions of haste
 j - a potion of attraction {unknown}
 n - a potion of berserk rage {unknown}
 o - a potion of magic {unknown}
 p - a potion of brilliance {unknown}
 q - 2 potions of mutation {unknown}
 r - a potion of resistance
 u - a potion of curing {unknown}

Dungeon Overview and Level Annotations

Branches:
Dungeon (9/15)             Temple (1/1) D:4
   Lair: D:8-11         Orc: D:9-12

Altars:
Ashenzari
Cheibriados
Dithmenos
Elyvilon
Fedhas
Gozag
Hepliaklqana
Kikubaaqudgha
Makhleb
Nemelex Xobeh
Okawaru
Qazlal
Ru
Sif Muna
Trog
Uskayaw
Vehumet
Wu Jian
Xom
Zin
The Shining One

Portals:
Bailey: D:9

Annotations:
D:6 3 runed translucent doors, qw's ghost, novice GrFi
D:9 Psyche


Message History

Your base Fighting skill increases to level 7!
You swing at nothing.
You hear the faint creaking of a distant portcullis.
You feel like a meek peon again. Something hits you but does no damage.
You barely miss something.
You hear some strange, mumbled words.
Something tries to affect you, but you resist.
You hit something. You freeze something. Something hits you but does no damage.
You block something's attack.
You slash something! You freeze something.
You hear some strange, mumbled words.
You turn into a bat.
Your +2 war axe of freezing melds into your body.
Your +0 helmet melds into your body.
Your +0 pair of boots melds into your body.
Your +0 buckler melds into your body.
Your +0 plate armour melds into your body.
Your ring of resist corrosion melds into your body.
Your ring of willpower melds into your body.
Your +2 war axe of freezing stops glowing.
You barely miss something. Something closely misses you.
You hit something but do no damage. Something hits you! Space warps around you.
You hit something but do no damage. Something closely misses you.
You hit something.
You hear some strange, mumbled words.
Something hits you.
You miss something. Something hits you!
You barely miss something.
You hear some strange, mumbled words.
A swirling arc of seething chaos appears!
An arc of chaos appears from out of thin air!
The arc of chaos hits you.
You barely miss something. Something hits you! Space warps horribly around you!
You die...

#.....#
######.#
##....#.# .
#.....#.# #.
#.....#.# ...
#.....#.# #.#.
#..#..#.# .....
##....#.#..#.#.
#.##.#b{......
#. #...#....!.
##..# ..(.(
#...# ####
#.### #. #/ #.
#.


There were no monsters in sight!

Vanquished Creatures
  Pikel (D:9)
  A troll (D:9)
  A wraith (D:9)
  A wyvern (D:6)
  Menkaure (D:6)
  An acid dragon (D:7)
  An ice beast (D:7)
  3 sky beasts
  3 centaurs
  An ogre (D:6)
  A lemure (D:9)
  3 bullfrogs
  2 kobold brigands
  A gnoll sergeant (D:6)
  4 scorpions
  A necrophage (D:5)
  3 howler monkeys (D:7)
  2 jellies
  2 orc priests (D:7)
  3 hounds
  Jessica (D:3)
  A gnoll bouda (D:6)
  3 iguanas
  6 gnolls
  6 adders
  2 white imps
  4 worms
  4 dart slugs
  13 orcs
  6 endoplasms
  3 giant cockroaches
  11 goblins
  4 hobgoblins
  3 quokkas
  3 ball pythons
  5 bats
  4 frilled lizards
  20 kobolds
  6 rats
141 creatures vanquished.

Notes
Turn   | Place    | Note
-------+----------+-------------------------------------------
     0 | D:1      | qw the Gargoyle Fighter began the quest for the Orb.
     0 | D:1      | Reached XP level 1. HP: 14/14 MP: 1/1
     0 | D:1      | 0 ||| qw: Version: 0.2-a-13-gfc7b4b4
     0 | D:1      | 0 ||| qw: Game counter: 1955
     0 | D:1      | 0 ||| qw: Always use a shield: true
     0 | D:1      | 0 ||| qw: God list: Okawaru
     0 | D:1      | 0 ||| qw: Allow faded altars: false
     0 | D:1      | 0 ||| qw: Do Orc after D:15 true
     0 | D:1      | 0 ||| qw: Do second Lair branch before Depths: true
     0 | D:1      | 0 ||| qw: Lair rune preference: random
     0 | D:1      | 0 ||| qw: Plans: Normal, Zot:1-4, God:TSO, Crypt, Tomb,
                  | Pan, Slime:5, Hells, Abyss, Orb
     0 | D:1      | 0 ||| PLANNING D:1-11
    32 | D:1      | Reached skill level 2 in Axes
   119 | D:1      | 119 ||| Stepping ~*~*~tactically~*~*~ (stealth).
   126 | D:1      | Reached XP level 2. HP: 17/19 MP: 2/2
   168 | D:1      | Found a faded altar of an unknown god.
   184 | D:1      | 184 ||| Stepping ~*~*~tactically~*~*~ (stealth).
   339 | D:1      | 339 ||| Stepping ~*~*~tactically~*~*~ (stealth).
   487 | D:1      | 487 ||| UPGRADING to +0 helmet.
   492 | D:1      | 492 ||| READING 2 scrolls labelled OKUEMO FECLU.
   493 | D:1      | 493 ||| READING scroll labelled ICWYNEIDEI.
   554 | D:2      | Reached skill level 3 in Axes
   554 | D:2      | Reached XP level 3. HP: 19/23 MP: 3/3
   624 | D:2      | 624 ||| Stepping ~*~*~tactically~*~*~ (hiding).
   627 | D:2      | 627 ||| Stepping ~*~*~tactically~*~*~ (hiding).
   774 | D:2      | Identified the +3 flail of Nutimeade {drain, rF++ rN+
                  | Int+3}
   776 | D:2      | 776 ||| DROPPING +0 mace.
   870 | D:2      | You fall into a shaft and drop 2 floors!
   997 | D:4      | 997 ||| UPGRADING to ring of resist corrosion.
   998 | D:4      | 998 ||| READING scroll labelled QUAK GADONUL.
   999 | D:4      | 999 ||| DRINKING 2 red potions.
  1000 | D:4      | 1000 ||| DROPPING potion of flight.
  1209 | D:2      | Reached XP level 4. HP: 28/28 MP: 4/4
  1291 | D:2      | 1291 ||| READING scroll labelled JAVVYMEEMO.
  1292 | D:2      | 1292 ||| READING 2 scrolls of identify.
  1292 | D:2      | 1292 ||| IDENTIFYING inky potion
  1372 | D:3      | Reached skill level 4 in Axes
  1823 | D:3      | Found a glowing golden altar of the Shining One.
  1826 | D:3      | Found a radiant altar of Vehumet.
  1826 | D:3      | Found a shimmering altar of Xom.
  1828 | D:3      | Found a blossoming altar of Fedhas.
  1828 | D:3      | Found a shimmering altar of Xom.
  1828 | D:3      | Found a snail-covered altar of Cheibriados.
  1932 | D:3      | Noticed Jessica
  1941 | D:3      | HP: 7/28 [Jessica/bolt of light (10)]
  1942 | D:3      | 1942 ||| DRINKING 2 potions of heal wounds.
  1955 | D:3      | Killed Jessica
  2022 | D:3      | 2022 ||| Stepping ~*~*~tactically~*~*~ (stealth).
  2074 | D:3      | Identified the +5 rapier of the Boar {flame, Fragile rF+++
                  | rC+}
  2088 | D:3      | 2088 ||| Stepping ~*~*~tactically~*~*~ (stealth).
  2089 | D:3      | 2089 ||| Stepping ~*~*~tactically~*~*~ (stealth).
  2098 | D:3      | Reached XP level 5. HP: 32/32 MP: 5/5
  2217 | D:3      | 2217 ||| READING scroll labelled YTHRIN BUNENNAL.
  2218 | D:3      | 2218 ||| READING scroll labelled TUTAAZ YLOVIK.
  2218 | D:3      | Identified a scroll of acquirement
  2218 | D:3      | 2218 ||| ACQUIRING ring of willpower
  2218 | D:3      | Acquired a ring of willpower
  2220 | D:3      | 2220 ||| UPGRADING to ring of willpower.
  2221 | D:3      | 2221 ||| READING scroll labelled HACWURHA SUHIC.
  2419 | D:4      | Reached skill level 5 in Axes
  2449 | D:4      | Found a broken altar of Ashenzari.
  2524 | D:4      | Found a staircase to the Ecumenical Temple.
  2525 | D:4      | 2525 ||| PLANNING TEMPLE
  2525 | D:4      | 2525 ||| FLEEEEING.
  2526 | D:4      | 2526 ||| FLEEEEING.
  2527 | D:4      | 2527 ||| FLEEEEING.
  2528 | D:4      | 2528 ||| FLEEEEING.
  2529 | D:4      | 2529 ||| FLEEEEING.
  2530 | D:4      | 2530 ||| FLEEEEING.
  2531 | D:4      | 2531 ||| FLEEEEING.
  2532 | D:4      | 2532 ||| FLEEEEING.
  2533 | D:4      | 2533 ||| FLEEEEING.
  2534 | D:4      | 2534 ||| FLEEEEING.
  2536 | D:4      | 2536 ||| FLEEEEING.
  2537 | D:4      | 2537 ||| FLEEEEING.
  2538 | D:4      | 2538 ||| FLEEEEING.
  2539 | D:4      | 2539 ||| FLEEEEING.
  2540 | D:4      | 2540 ||| FLEEEEING.
  2541 | D:4      | 2541 ||| FLEEEEING.
  2542 | D:4      | 2542 ||| FLEEEEING.
  2543 | D:4      | 2543 ||| FLEEEEING.
  2544 | D:4      | 2544 ||| FLEEEEING.
  2545 | D:4      | 2545 ||| FLEEEEING.
  2546 | D:4      | 2546 ||| FLEEEEING.
  2547 | D:4      | 2547 ||| FLEEEEING.
  2548 | D:4      | 2548 ||| FLEEEEING.
  2549 | D:4      | 2549 ||| STAIRDANCE
  2551 | D:3      | 2551 ||| UPGRADING to +0 pair of boots.
  2556 | D:3      | 2556 ||| READING scroll labelled PYXAUM SUXZOC.
  2639 | Temple   | Entered the Ecumenical Temple
  2640 | Temple   | 2640 ||| PLANNING OKAWARU WORSHIP
  2838 | Temple   | Became a worshipper of Warmaster Okawaru
  2839 | Temple   | 2839 ||| PLANNING D:1-11
  2855 | D:4      | 2855 ||| Stepping ~*~*~tactically~*~*~ (hiding).
  3381 | D:4      | 3381 ||| Stepping ~*~*~tactically~*~*~ (stealth).
  3406 | D:5      | Entered Level 5 of the Dungeon
  3608 | D:5      | Reached XP level 6. HP: 36/38 MP: 6/6
  3708 | D:5      | Reached skill level 1 in Dodging
  3877 | D:5      | Found a hazy altar of Hepliaklqana.
  4055 | D:5      | Reached skill level 6 in Axes
  4230 | D:5      | Reached XP level 7. HP: 39/43 MP: 7/7
  4282 | D:5      | 4282 ||| UPGRADING to +0 plate armour.
  4292 | D:5      | 4292 ||| DROPPING +0 scale mail.
  4293 | D:5      | 4293 ||| READING scroll labelled DEMANLA UPABBUWN.
  4294 | D:5      | 4294 ||| READING 2 scrolls labelled IGAZENNERUAM.
  4295 | D:5      | 4295 ||| DRINKING 2 orange potions.
  4296 | D:5      | 4296 ||| DROPPING potion of degeneration.
  4297 | D:5      | 4297 ||| DROPPING scroll of noise.
  4321 | D:5      | 4321 ||| STAIRDANCE
  4325 | D:5      | 4325 ||| STAIRDANCE
  4329 | D:5      | 4329 ||| STAIRDANCE
  4333 | D:5      | 4333 ||| STAIRDANCE
  4337 | D:5      | 4337 ||| STAIRDANCE
  4341 | D:5      | 4341 ||| STAIRDANCE
  4345 | D:5      | 4345 ||| STAIRDANCE
  4349 | D:5      | 4349 ||| STAIRDANCE
  4353 | D:5      | 4353 ||| STAIRDANCE
  4357 | D:5      | 4357 ||| STAIRDANCE
  4361 | D:5      | 4361 ||| STAIRDANCE
  4365 | D:5      | 4365 ||| STAIRDANCE
  4369 | D:5      | 4369 ||| STAIRDANCE
  4373 | D:5      | 4373 ||| STAIRDANCE
  4377 | D:5      | 4377 ||| STAIRDANCE
  4381 | D:5      | 4381 ||| STAIRDANCE
  4385 | D:5      | 4385 ||| STAIRDANCE
  4389 | D:5      | 4389 ||| STAIRDANCE
  4393 | D:5      | 4393 ||| STAIRDANCE
  4397 | D:5      | 4397 ||| STAIRDANCE
  4551 | D:6      | 4551 ||| Stepping ~*~*~tactically~*~*~ (hiding).
  4553 | D:6      | Noticed Menkaure
  4558 | D:6      | Reached * piety under Okawaru
  4559 | D:6      | 4559 ||| INVOKING Heroism.
  4560 | D:6      | 4560 ||| INVOKING Heroism.
  4564 | D:6      | Killed Menkaure
  4740 | D:6      | Reached skill level 1 in Invocations
  4819 | D:6      | Reached skill level 7 in Axes
  4830 | D:6      | 4830 ||| Stepping ~*~*~tactically~*~*~ (stealth).
  4835 | D:6      | 4835 ||| INVOKING Heroism.
  4839 | D:6      | Reached XP level 8. HP: 43/48 MP: 6/9
  4861 | D:6      | 4861 ||| Stepping ~*~*~tactically~*~*~ (stealth).
  4863 | D:6      | 4863 ||| Stepping ~*~*~tactically~*~*~ (stealth).
  4865 | D:6      | 4865 ||| Stepping ~*~*~tactically~*~*~ (stealth).
  4875 | D:6      | 4875 ||| Stepping ~*~*~tactically~*~*~ (stealth).
  4881 | D:6      | 4881 ||| INVOKING Heroism.
  4890 | D:6      | Reached skill level 3 in Invocations
  4896 | D:6      | 4896 ||| Stepping ~*~*~tactically~*~*~ (stealth).
  4900 | D:6      | 4900 ||| Stepping ~*~*~tactically~*~*~ (stealth).
  4905 | D:6      | 4905 ||| Stepping ~*~*~tactically~*~*~ (stealth).
  4979 | D:6      | Found a runed translucent gate.
  4979 | D:6      | Found a runed translucent gate.
  4979 | D:6      | Found a runed translucent gate.
  4985 | D:6      | Noticed qw's ghost (novice GrFi)
  5063 | D:6      | Noticed a wyvern
  5068 | D:6      | 5068 ||| INVOKING Heroism.
  5073 | D:6      | Killed a wyvern
  5497 | D:6      | 5497 ||| DROPPING amulet of guardian spirit.
  5498 | D:6      | 5498 ||| READING 2 scrolls labelled KEGGOC KAEBBA.
  5599 | D:6      | 5599 ||| DROPPING scroll of silence.
  5650 | D:7      | 5650 ||| STAIRDANCE
  5763 | D:7      | 5763 ||| STAIRDANCE
  5866 | D:7      | 5866 ||| STAIRDANCE
  5868 | D:6      | 5868 ||| INVOKING Heroism.
  5873 | D:6      | Reached skill level 1 in Throwing
  5997 | D:7      | 5997 ||| INVOKING Heroism.
  6024 | D:7      | Reached ** piety under Okawaru
  6025 | D:7      | 6025 ||| INVOKING Heroism.
  6028 | D:7      | HP: 10/49 [acid dragon (4)]
  6029 | D:7      | 6029 ||| READING scroll of teleportation.
  6030 | D:7      | 6030 ||| DRINKING potion of heal wounds.
  6131 | D:7      | Reached skill level 8 in Axes
  6167 | D:7      | 6167 ||| Stepping ~*~*~tactically~*~*~ (stealth).
  6173 | D:7      | 6173 ||| INVOKING Heroism.
  6177 | D:7      | Reached XP level 9. HP: 54/54 MP: 9/12
  6217 | D:7      | 6217 ||| Stepping ~*~*~tactically~*~*~ (hiding).
  6257 | D:7      | 6257 ||| INVOKING Heroism.
  6261 | D:7      | Reached skill level 6 in Fighting
  6414 | D:7      | 6414 ||| INVOKING Heroism.
  6469 | D:7      | 6469 ||| READING scroll of acquirement.
  6469 | D:7      | 6469 ||| ACQUIRING +2 war axe of freezing
  6469 | D:7      | Acquired a +2 war axe of freezing
  6471 | D:7      | 6471 ||| SWAPPING to +2 war axe of freezing.
  6472 | D:7      | 6472 ||| DROPPING +0 war axe.
  6593 | D:7      | Noticed a moth of wrath
  6597 | D:7      | Found a bloodstained altar of Trog.
  6598 | D:7      | 6598 ||| INVOKING Heroism.
  6618 | D:7      | 6618 ||| INVOKING Heroism.
  6781 | D:7      | 6781 ||| READING scroll labelled OSMOEGAJOZ.
  6782 | D:7      | 6782 ||| DRINKING 2 fuming coppery potions.
  7003 | D:8      | 7003 ||| Stepping ~*~*~tactically~*~*~ (stealth).
  7008 | D:8      | 7008 ||| INVOKING Heroism.
  7063 | D:8      | Found a stormy altar of Qazlal.
  7073 | D:8      | Identified the +3 leather armour "Teus" {Contam rCorr Str+5
                  | Stlth+}
  7222 | D:8      | Reached skill level 9 in Axes
  7350 | D:8      | Found an opulent altar of Gozag.
  7489 | D:8      | 7489 ||| DROPPING ring of flight.
  7490 | D:8      | 7490 ||| DRINKING 3 fuming blue potions.
  7568 | D:9      | Found a flagged portal.
  7569 | D:9      | 7569 ||| Stepping ~*~*~tactically~*~*~ (stealth).
  7570 | D:9      | 7570 ||| Stepping ~*~*~tactically~*~*~ (stealth).
  7578 | D:9      | 7578 ||| Stepping ~*~*~tactically~*~*~ (stealth).
  7597 | D:9      | Reached *** piety under Okawaru
  7628 | D:9      | Found a shimmering blue altar of Sif Muna.
  7707 | D:9      | Noticed a troll
  7708 | D:9      | 7708 ||| INVOKING Heroism.
  7713 | D:9      | Killed a troll
  7714 | D:9      | Reached skill level 6 in Armour
  7719 | D:9      | Noticed Pikel
  7722 | D:9      | Noticed Psyche
  7737 | D:9      | Killed Pikel
  7748 | D:9      | HP: 9/59 [something (8)]
  7748 | D:9      | Slain by Psyche

Levels and vault maps discovered:
D:1:      dpeg_arrival_rooms_with_view, layout_rooms,
          ebering_ecumenical_altar_mist
D:2:      layout_rooms, grunt_ministairs_6, chequers_avenue
D:3:      layout_loops_corners, doesnt_xom_only_xom, serial_rivers,
          chequers_serial_rivers_small_b, chequers_serial_rivers_marsh,
          chequers_serial_rivers_small_a, chequers_serial_rivers_micro_e,
          chequers_serial_rivers_micro_c, chequers_serial_rivers_room_b,
          uniq_jessica
D:4:      layout_loops_corners, cheibrodos_ashenzari_chains,
          minmay_temple_entry_junction
D:5:      layout_cave_pods, mainiacjoe_overflow_surrounded_room,
          minmay_misc_feat_five, kennysheep_generic_room_10
D:6:      layout_loops_ring, gammafunk_ghost_necromancy, uniq_menkaure
D:7:      layout_cave_pools, tgw_trog
D:8:      layout_basic, kennysheep_little_box, nicolae_qazlal_general_emergency
D:9:      layout_gridville, mainiacjoe_overflow_concentric_impassable,
          orc_0_dummy, enter_bailey_3, serial_co_window_serial,
          co_window_corner_a, co_window_paths_a, co_window_corner_a,
          co_window_corner_a, co_window_paths_b, co_window_paths_b,
          co_window_paths_a, co_window_broadway_a, co_window_paths_c,
          co_window_corner_b, co_window_paths_d, co_window_paths_e,
          glass_columns_b, glass_columns_a, glass_columns_b, glass_columns_b,
          glass_columns_a, uniq_pikel, uniq_psyche, uniq_joseph
Temple:   nicolae_temple_bog_church

Skill      XL: |  1  2  3  4  5  6  7  8  9 |
---------------+----------------------------+-----
Axes           | 2 3 4 5 6 7 8 9 |  9.0
Fighting       | 4 5 7 |  7.8
Dodging        | 1 |  1.0
Armour         | 4 5 6 |  6.0
Invocations    | 2 4 |  4.0
Throwing       | 1 2 |  2.3
Shields        | 4 |  4.2

Action                   |  1- 3 |  4- 6 |  7- 9 || total
-------------------------+-------+-------+-------++-------
Melee: War axe           |   118 |   138 |   236 ||   492
       Unarmed           |       |       |     7 ||     7
Throw: Boomerang         |       |     5 |    10 ||    15
       Javelin           |       |       |    19 ||    19
Invok: Heroism           |       |       |    14 ||    14
  Use: Scroll            |     3 |     6 |     6 ||    15
       Potion            |     1 |     1 |     4 ||     6
Armor: Scale mail        |    62 |    71 |       ||   133
       Plate armour      |       |       |   150 ||   150
Dodge: Dodged            |    44 |    79 |    61 ||   184
Block: Buckler           |    13 |    25 |    60 ||    98

Table legend:
 A = Non-vault XP
 B = Vault XP
 C = Vault XP percentage of total XP
 D = Non-vault monster count
 E = Vault monster count
 F = Vault count percentage of total count
                 A         B        C        D         E       F
            +---------+---------+-------+---------+---------+-------
      Total |    3692 |     915 |  19.9 |     123 |      17 |  12.1
            +---------+---------+-------+---------+---------+-------
        D:1 |      22 |       3 |  12.0 |      14 |       2 |  12.5
        D:2 |      56 |       6 |   9.7 |      17 |       2 |  10.5
        D:3 |      34 |      37 |  52.1 |      14 |       1 |   6.7
        D:4 |     106 |       0 |   0.0 |      11 |       0 |   0.0
        D:5 |     328 |      42 |  11.4 |      11 |       1 |   8.3
        D:6 |     929 |     172 |  15.6 |      20 |       1 |   4.8
        D:7 |    1029 |      17 |   1.6 |      23 |       5 |  17.9
        D:8 |     682 |       0 |   0.0 |      11 |       0 |   0.0
        D:9 |     506 |     638 |  55.8 |       2 |       5 |  71.4
            +---------+---------+-------+---------+---------+-------
